| TOP OF THE 1ST |
|
University of South Carolina Gamecocks batting - Pitching for Vanderbilt University Commodores : RHP Hector Agudelo
|
|
Pitching: RHP Hector Agudelo
|
|
|
Batting: RHB Mike Chiquete
|
0-0: Called Strike 0-1: Called Strike 0-2: Foul Ball, location: 2F 0-2: Strikes out looking
|
|
Batting: RHB Emanuel Estrada
|
0-0: Ball 1-0: Called Strike 1-1: Ball 2-1: Foul Ball, location: 2F 2-2: Ball 3-2: Strikes out swinging
|
|
Batting: RHB Mike Berzins
|
0-0: Ball 1-0: Swinging Strike 1-1: Called Strike 1-2: Strikes out swinging
|
| Top of the 1st over - 0 runs, 0 hits, 0 errors, 0 left on base; University of South Carolina 0 - Vanderbilt University 0 |
| BOTTOM OF THE 1ST |
|
Vanderbilt University Commodores batting - Pitching for University of South Carolina Gamecocks : LHP Tara Kawashima
|
|
Pitching: LHP Tara Kawashima
|
|
|
Batting: LHB Nate Greening
|
0-0: Ball 1-0: Ball 2-0: Ball 3-0: Base on Balls
|
|
Batting: RHB Gary Smith
|
0-0: Called Strike 0-1: Swinging Strike 0-2: Ball 1-2: Strikes out looking
|
|
Batting: LHB Jose Diaz
|
0-0: 2-RUN HOME RUN (Flyball, 9LD, EV 95.0 MPH), Distance : 330 ft
|
|
Batting: RHB Steve Webb
|
0-0: Swinging Strike 0-1: Ball 1-1: Ball 2-1: Foul Ball, location: 2F 2-2: Foul Ball, location: 2F 2-2: Ball 3-2: SINGLE (Groundball, 4MD, EV 96.9 MPH)
|
|
Batting: RHB Chris Horton
|
0-0: Foul Ball, location: 2F 0-1: Called Strike 0-2: Foul Ball, location: 2F 0-2: Strikes out swinging
|
|
Batting: LHB Mario Garza
|
0-0: Ball 1-0: Foul Ball, location: 2F 1-1: DOUBLE (Line Drive, 9LS, EV 102.5 MPH) Steve Webb to third
|
|
Batting: LHB Chad Carlson
|
0-0: Called Strike 0-1: Ball 1-1: Ground out 4-3 (Groundball, 4, EV 78.8 MPH)
|
| Bottom of the 1st over - 2 runs, 3 hits, 0 errors, 2 left on base; University of South Carolina 0 - Vanderbilt University 2 |
| TOP OF THE 2ND |
|
University of South Carolina Gamecocks batting - Pitching for Vanderbilt University Commodores : RHP Hector Agudelo
|
|
Batting: LHB Jose Mafano
|
0-0: Ball 1-0: Called Strike 1-1: Reached on error, E6 (Groundball, 6, EV 108.8 MPH)
|
|
Batting: RHB Danny Rodriguez
|
0-0: Ball 1-0: Ball 2-0: Ground out 5-3 (Groundball, 56S, EV 66.2 MPH) Jose Mafano to second
|
|
Batting: LHB Bruce Daley
|
0-0: Ball 1-0: Ball 2-0: Ground out 4-3 (Groundball, 4, EV 104.4 MPH) Jose Mafano to third
|
|
Batting: LHB John Harvey
|
0-0: Swinging Strike 0-1: Foul Ball, location: 2F 0-2: Ball 1-2: Ball 2-2: Ball 3-2: Strikes out swinging
|
| Top of the 2nd over - 0 runs, 0 hits, 1 error, 1 left on base; University of South Carolina 0 - Vanderbilt University 2 |
| BOTTOM OF THE 2ND |
|
Vanderbilt University Commodores batting - Pitching for University of South Carolina Gamecocks : LHP Tara Kawashima
|
|
Batting: LHB Raul Aldaz
|
0-0: Called Strike 0-1: Ball 1-1: Ball 2-1: Ball 3-1: Base on Balls
|
|
Batting: SHB Michael Woodard
|
0-0: Foul Ball, location: 2F 0-1: Ground out 6-3 (Groundball, 56D, EV 95.6 MPH) Raul Aldaz to second
|
|
Batting: LHB Nate Greening
|
0-0: Ball 1-0: Ground out 4-3 (Groundball, 4, EV 106.9 MPH) Raul Aldaz to third
|
|
Batting: RHB Gary Smith
|
0-0: Ball 1-0: Swinging Strike 1-1: Ball 2-1: Ground out 5-3 (Groundball, 5L, EV 96.9 MPH)
|
| Bottom of the 2nd over - 0 runs, 0 hits, 0 errors, 1 left on base; University of South Carolina 0 - Vanderbilt University 2 |
| TOP OF THE 3RD |
|
University of South Carolina Gamecocks batting - Pitching for Vanderbilt University Commodores : RHP Hector Agudelo
|
|
Batting: RHB Pablo Henriquez
|
0-0: Called Strike 0-1: Ball 1-1: Ground out 6-3 (Groundball, 6, EV 106.2 MPH)
|
|
Batting: RHB Mark Squires
|
0-0: Foul Ball, location: 2F 0-1: Ball 1-1: Swinging Strike 1-2: Ball 2-2: Strikes out swinging
|
|
Batting: RHB Mike Chiquete
|
0-0: SINGLE (Groundball, 34S, EV 69.4 MPH) (infield hit)
|
|
Batting: RHB Emanuel Estrada
|
0-0: Called Strike 0-1: Fly out, F4 (Flyball, 3D, EV 81.2 MPH)
|
| Top of the 3rd over - 0 runs, 1 hit, 0 errors, 1 left on base; University of South Carolina 0 - Vanderbilt University 2 |
| BOTTOM OF THE 3RD |
|
Vanderbilt University Commodores batting - Pitching for University of South Carolina Gamecocks : LHP Tara Kawashima
|
|
Batting: LHB Jose Diaz
|
0-0: SOLO HOME RUN (Flyball, 89XD, EV 99.4 MPH), Distance : 411 ft
|
|
Batting: RHB Steve Webb
|
0-0: Called Strike 0-1: Ball 1-1: Foul Ball, location: 2F 1-2: Foul Ball, location: 2F 1-2: Ground out 6-3 (Groundball, 6S, EV 66.2 MPH)
|
|
Batting: RHB Chris Horton
|
0-0: Called Strike 0-1: SOLO HOME RUN (Flyball, 7LD, EV 96.9 MPH), Distance : 368 ft
|
|
Batting: LHB Mario Garza
|
0-0: Ball 1-0: Called Strike 1-1: Foul Ball, location: 2F 1-2: Fly out, F5 (Popup, 56, EV 73.1 MPH)
|
|
Batting: LHB Chad Carlson
|
0-0: Ground out U3 (Groundball, 34, EV 106.9 MPH)
|
| Bottom of the 3rd over - 2 runs, 2 hits, 0 errors, 0 left on base; University of South Carolina 0 - Vanderbilt University 4 |
| TOP OF THE 4TH |
|
University of South Carolina Gamecocks batting - Pitching for Vanderbilt University Commodores : RHP Hector Agudelo
|
|
Batting: RHB Mike Berzins
|
0-0: Foul Ball, location: 2F 0-1: TRIPLE (Flyball, 89XD, EV 110.0 MPH)
|
|
Batting: LHB Jose Mafano
|
0-0: Ball 1-0: Foul Ball, location: 2F 1-1: Foul Ball, location: 2F 1-2: Ground out 6-3 (Groundball, 6, EV 86.9 MPH) Mike Berzins scores
|
|
Batting: RHB Danny Rodriguez
|
0-0: Ball 1-0: Fly out, F9 (Line Drive, 9D, EV 91.2 MPH)
|
|
Batting: LHB Bruce Daley
|
0-0: Ball 1-0: Ball 2-0: Called Strike 2-1: Ball 3-1: SOLO HOME RUN (Flyball, 89XD, EV 107.5 MPH), Distance : 392 ft
|
|
Batting: LHB John Harvey
|
0-0: Ball 1-0: Called Strike 1-1: Foul Ball, location: 2F 1-2: Ball 2-2: Ground out 6-3 (Groundball, 6, EV 89.4 MPH)
|
| Top of the 4th over - 2 runs, 2 hits, 0 errors, 0 left on base; University of South Carolina 2 - Vanderbilt University 4 |
| BOTTOM OF THE 4TH |
|
Vanderbilt University Commodores batting - Pitching for University of South Carolina Gamecocks : LHP Tara Kawashima
|
|
Batting: LHB Raul Aldaz
|
0-0: Ball 1-0: Called Strike 1-1: Ball 2-1: Swinging Strike 2-2: Ball 3-2: DOUBLE (Line Drive, 7LS, EV 103.1 MPH)
|
|
Batting: SHB Michael Woodard
|
0-0: Called Strike 0-1: Ball 1-1: Foul Ball, location: 2F 1-2: Ground out 5-3 (Groundball, 56S, EV 87.5 MPH)
|
|
Batting: LHB Nate Greening
|
0-0: DOUBLE (Flyball, 8RXD, EV 95.0 MPH) Raul Aldaz scores
|
|
Batting: RHB Gary Smith
|
0-0: Ball 1-0: Foul Ball, location: 2F 1-1: Called Strike 1-2: Foul Ball, location: 2F 1-2: Fly out, F9 (Flyball, 9D, EV 100.0 MPH) Runner from 2nd tags up, SAFE at 3rd, no throw by RF
|
|
Batting: LHB Jose Diaz
|
0-0: Called Strike 0-1: Ball 1-1: Foul Ball, location: 2F 1-2: Ground out 4-3 (Groundball, 4, EV 90.0 MPH)
|
| Bottom of the 4th over - 1 run, 2 hits, 0 errors, 1 left on base; University of South Carolina 2 - Vanderbilt University 5 |
| TOP OF THE 5TH |
|
University of South Carolina Gamecocks batting - Pitching for Vanderbilt University Commodores : RHP Hector Agudelo
|
|
Batting: RHB Pablo Henriquez
|
0-0: Ball 1-0: Ball 2-0: Called Strike 2-1: Fly out, F9 (Flyball, 9, EV 89.4 MPH)
|
|
Batting: RHB Mark Squires
|
0-0: Ball 1-0: Called Strike 1-1: Called Strike 1-2: Ball 2-2: Foul Ball, location: 2F 2-2: Ball 3-2: Foul Ball, location: 2F 3-2: Base on Balls
|
|
Batting: RHB Mike Chiquete
|
0-0: Ball 1-0: Foul Ball, location: 2F 1-1: Swinging Strike 1-2: Strikes out looking
|
|
Batting: RHB Emanuel Estrada
|
0-0: Ball 1-0: Swinging Strike 1-1: Ball 2-1: Foul Ball, location: 2F 2-2: Ball 3-2: Ground out 5-3 (Groundball, 56, EV 86.9 MPH)
|
| Top of the 5th over - 0 runs, 0 hits, 0 errors, 1 left on base; University of South Carolina 2 - Vanderbilt University 5 |
| BOTTOM OF THE 5TH |
|
Vanderbilt University Commodores batting - Pitching for University of South Carolina Gamecocks : LHP Tara Kawashima
|
|
Batting: RHB Steve Webb
|
0-0: Called Strike 0-1: Ball 1-1: Ball 2-1: Called Strike 2-2: Strikes out swinging
|
|
Batting: RHB Chris Horton
|
0-0: Called Strike 0-1: Ball 1-1: DOUBLE (Flyball, 8LXD, EV 93.8 MPH)
|
|
Pitching: RHP Elijah McKay
|
|
|
Batting: LHB Mario Garza
|
0-0: Ball 1-0: SINGLE (Line Drive, 6MD, EV 96.9 MPH) Chris Horton to third Runner from 3rd tries for Home, SAFE, throw by CF to home
|
|
Batting: LHB Chad Carlson
|
0-0: Fielders Choice at 2nd, 3-6 (Groundball, 3, EV 86.9 MPH)
|
|
Batting: LHB Raul Aldaz
|
0-0: SINGLE (Groundball, 4MD, EV 103.1 MPH) Chad Carlson to second Runner from 2nd tries for 3rd, SAFE, no throw by CF
|
|
Batting: SHB Michael Woodard
|
0-0: Foul Ball, location: 2F 0-1: Ground out 4-3 (Groundball, 4, EV 80.6 MPH)
|
| Bottom of the 5th over - 1 run, 3 hits, 0 errors, 2 left on base; University of South Carolina 2 - Vanderbilt University 6 |
| TOP OF THE 6TH |
|
University of South Carolina Gamecocks batting - Pitching for Vanderbilt University Commodores : RHP Hector Agudelo
|
|
Pitching: RHP Matt Lane
|
|
|
Batting: RHB Mike Berzins
|
0-0: Ball 1-0: Ball 2-0: Called Strike 2-1: Ball 3-1: Foul Ball, location: 2F 3-2: Ground out 5-3 (Groundball, 56, EV 84.4 MPH)
|
|
Batting: LHB Jose Mafano
|
0-0: Ball 1-0: Ball 2-0: Ball 3-0: Called Strike 3-1: Foul Ball, location: 2F 3-2: SOLO HOME RUN (Flyball, 9LD, EV 96.9 MPH), Distance : 347 ft
|
|
Batting: RHB Danny Rodriguez
|
0-0: Fly out, F6 (Popup, 6D, EV 46.2 MPH)
|
|
Batting: LHB Bruce Daley
|
0-0: Foul Ball, location: 2F 0-1: Ball 1-1: Foul Ball, location: 2F 1-2: Ball 2-2: Strikes out swinging
|
| Top of the 6th over - 1 run, 1 hit, 0 errors, 0 left on base; University of South Carolina 3 - Vanderbilt University 6 |
| BOTTOM OF THE 6TH |
|
Vanderbilt University Commodores batting - Pitching for University of South Carolina Gamecocks : RHP Elijah McKay
|
|
Batting: LHB Nate Greening
|
0-0: Called Strike 0-1: Ball 1-1: Ball 2-1: Ground out 4-3 (Groundball, 4M, EV 88.8 MPH)
|
|
Batting: RHB Gary Smith
|
0-0: Ball 1-0: Ball 2-0: SINGLE (Groundball, 34D, EV 100.6 MPH)
|
|
Batting: LHB Jose Diaz
|
0-0: Ball 1-0: Ball 2-0: Ball 3-0: Base on Balls Gary Smith to second
|
|
Batting: RHB Steve Webb
|
0-0: Ball 1-0: Foul Ball, location: 2F 1-1: Swinging Strike 1-2: Ball 2-2: Foul Ball, location: 2F 2-2: Ball 3-2: DOUBLE (Line Drive, 78XD, EV 102.5 MPH) Gary Smith scores Jose Diaz to third Runner from 3rd tries for Home, SAFE, throw by LF to home
|
|
Batting: RHB Chris Horton
|
0-0: Ball 1-0: Ground out 6-3 (Groundball, 6, EV 91.2 MPH)
|
|
Batting: LHB Mario Garza
|
0-0: Ball 1-0: Ground out 6-3 (Groundball, 6, EV 91.2 MPH)
|
| Bottom of the 6th over - 2 runs, 2 hits, 0 errors, 1 left on base; University of South Carolina 3 - Vanderbilt University 8 |
| TOP OF THE 7TH |
|
University of South Carolina Gamecocks batting - Pitching for Vanderbilt University Commodores : RHP Matt Lane
|
|
Batting: LHB John Harvey
|
0-0: Ground out 1-4-3 (Groundball, 15S, EV 101.2 MPH)
|
|
Batting: RHB Pablo Henriquez
|
0-0: Ball 1-0: Reached on error, E6 (Popup, 4M, EV 60.0 MPH)
|
|
Pitching: LHP Zach Harris
|
|
|
Batting: RHB Mark Squires
|
0-0: Called Strike 0-1: Ball 1-1: Foul Ball, location: 2F 1-2: Ball 2-2: Fly out, F8 (Flyball, 8RS, EV 81.9 MPH)
|
|
Batting: RHB Mike Chiquete
|
0-0: Ball 1-0: Ball 2-0: Called Strike 2-1: Ball 3-1: SINGLE (Groundball, 5S, EV 76.9 MPH) (infield hit) Pablo Henriquez to second
|
|
Batting: RHB Emanuel Estrada
|
0-0: Called Strike 0-1: Called Strike 0-2: SINGLE (Groundball, 56S, EV 66.9 MPH) (infield hit) Pablo Henriquez to third Mike Chiquete to second
|
|
Batting: RHB Mike Berzins
|
0-0: Ball 1-0: Fielders Choice at 2nd, 6-4 (Groundball, 6, EV 83.8 MPH)
|
| Top of the 7th over - 0 runs, 2 hits, 1 error, 3 left on base; University of South Carolina 3 - Vanderbilt University 8 |
| BOTTOM OF THE 7TH |
|
Vanderbilt University Commodores batting - Pitching for University of South Carolina Gamecocks : RHP Elijah McKay
|
|
Batting: LHB Chad Carlson
|
0-0: Ground out U3 (Groundball, 3L, EV 88.8 MPH)
|
|
Batting: LHB Raul Aldaz
|
0-0: Called Strike 0-1: Ball 1-1: Ball 2-1: Ball 3-1: Base on Balls
|
|
Pitching: RHP Francisco Landin
|
|
|
Batting: SHB Michael Woodard
|
0-0: Ball 1-0: Fly out, F8 (Flyball, 8RXD, EV 99.4 MPH)
|
|
Batting: LHB Nate Greening
|
0-0: Foul Ball, location: 2F 0-1: Ball 1-1: Ball 2-1: Fly out, F8 (Flyball, 8LM, EV 84.4 MPH)
|
| Bottom of the 7th over - 0 runs, 0 hits, 0 errors, 1 left on base; University of South Carolina 3 - Vanderbilt University 8 |
| TOP OF THE 8TH |
|
University of South Carolina Gamecocks batting - Pitching for Vanderbilt University Commodores : LHP Zach Harris
|
|
Batting: LHB Jose Mafano
|
0-0: Swinging Strike 0-1: Called Strike 0-2: Ball 1-2: Strikes out swinging
|
|
Batting: RHB Danny Rodriguez
|
0-0: Swinging Strike 0-1: Called Strike 0-2: Ball 1-2: Ball 2-2: Reached via error on a dropped throw from SS, E3 (Groundball, 6M, EV 90.6 MPH)
|
|
Batting: LHB Bruce Daley
|
0-0: Ball 1-0: Ball 2-0: Foul Ball, location: 2F 2-1: Ball 3-1: Called Strike 3-2: Base on Balls Danny Rodriguez to second
|
|
Pitching: LHP Norm Franklin
|
|
|
Batting: LHB John Harvey
|
0-0: Called Strike 0-1: Called Strike 0-2: Strikes out swinging
|
|
Batting: RHB Pablo Henriquez
|
0-0: Called Strike 0-1: Fielders Choice at 2nd, 5-4 (Groundball, 5L, EV 91.9 MPH)
|
| Top of the 8th over - 0 runs, 0 hits, 1 error, 2 left on base; University of South Carolina 3 - Vanderbilt University 8 |
| BOTTOM OF THE 8TH |
|
Vanderbilt University Commodores batting - Pitching for University of South Carolina Gamecocks : RHP Francisco Landin
|
|
Batting: RHB Gary Smith
|
0-0: Swinging Strike 0-1: Called Strike 0-2: Foul Ball, location: 2F 0-2: Strikes out swinging
|
|
Batting: LHB Jose Diaz
|
0-0: Ball 1-0: Called Strike 1-1: Ball 2-1: Ball 3-1: Base on Balls
|
|
Pitching: RHP Jose Barrientos
|
|
|
Batting: RHB Steve Webb
|
0-0: Called Strike 0-1: Ball 1-1: Foul Ball, location: 2F 1-2: Ball 2-2: Strikes out swinging
|
|
Batting: RHB Chris Horton
|
0-0: Ball 1-0: Ball 2-0: Ball 3-0: Foul Ball, location: 2F 3-1: Foul Ball, location: 2F 3-2: Strikes out looking
|
| Bottom of the 8th over - 0 runs, 0 hits, 0 errors, 1 left on base; University of South Carolina 3 - Vanderbilt University 8 |
| TOP OF THE 9TH |
|
University of South Carolina Gamecocks batting - Pitching for Vanderbilt University Commodores : LHP Norm Franklin
|
|
Pinch Hitting: RHB Colin Morris
|
0-0: Called Strike 0-1: Foul Ball, location: 2F 0-2: Foul Ball, location: 2F 0-2: Ground out 6-3 (Groundball, 6, EV 93.8 MPH)
|
|
Batting: RHB Mike Chiquete
|
0-0: Foul Ball, location: 2F 0-1: Swinging Strike 0-2: Fly out, F9 (Line Drive, 9, EV 86.9 MPH)
|
|
Pinch Hitting: RHB Jim Smallwood
|
0-0: Ball 1-0: Called Strike 1-1: Ball 2-1: Ball 3-1: Base on Balls
|
|
Batting: RHB Mike Berzins
|
0-0: Ball 1-0: Swinging Strike 1-1: Ball 2-1: Fly out, F8 (Flyball, 89M, EV 95.0 MPH)
|
| Top of the 9th over - 0 runs, 0 hits, 0 errors, 1 left on base; University of South Carolina 3 - Vanderbilt University 8 |
|